 Dungeon Crawl Stone Soup version 0.29-a0-222-g5b244fca1f (webtiles) character file.

Game seed: 15329105714842027337

230 timneilson the Shield-Bearer (level 6, -1/38 HPs)
             Began as a Gargoyle Fighter on Feb 27, 2022.
             Slain by an orc priest
             ... wielding a +0 trident
              (2 damage)
             ... on level 3 of the Dungeon.
             The game lasted 00:02:40 (1994 turns).

timneilson the Shield-Bearer (Gargoyle Fighter)     Turns: 1994, Time: 00:02:40

Health: -1/38      AC: 14    Str: 21    XL:     6   Next: 3%
Magic:  6/6        EV:  7    Int:  9    God:
Gold:   91         SH:  4    Dex:  9    Spells: 5/5 levels left

rFire   . . .      SeeInvis .   a - +1 long sword
rCold   . . .      Faith    .   c - +0 buckler
rNeg    + . .      Spirit   .   f - +0 chain mail
rPois   ∞          Reflect  .   (no helmet)
rElec   +          Harm     .   (no cloak)
rCorr   .          Rampage  .   (no gloves)
Will    .....                   (no boots)
Stlth   ..........              (no amulet)
HPRegen 0.12/turn               (no ring)
MPRegen 0.10/turn               (no ring)

@: no status effects
A: sickness immunity, AC +4, negative energy resistance 1, electricity
resistance, torment resistance 1, petrification resistance
a: no special abilities


You were on level 3 of the Dungeon.
You visited 1 branch of the dungeon, and saw 3 of its levels.

You collected 91 gold pieces.

Inventory:

Hand Weapons
 a - a +1 long sword (weapon)
Armour
 c - a +0 buckler (worn)
 f - a +0 chain mail (worn)
Wands
 h - a wand of flame (7)
Scrolls
 d - a scroll of fog
 k - a scroll of blinking
Potions
 g - a potion of flight {unknown}
 i - a potion of brilliance {unknown}
 j - a potion of attraction {unknown}


   Skills:
 + Level 4.0 Fighting
 * Level 3.0 Long Blades
 * Level 4.5 Armour
 + Level 1.3 Dodging
 * Level 4.6 Shields
 + Level 0.2 Evocations


You had 5 spell levels left.
You didn't know any spells.
Your spell library was empty.

Dungeon Overview and Level Annotations

Branches:
Dungeon (3/15)

Altars:

Shops:
D:1 :


Innate Abilities, Weirdness & Mutations

You are immune to sickness and miasma.
Your stone body is resilient. (AC +4)
You are immune to poison.
You resist negative energy. (rN+)
You are resistant to electric shocks. (rElec)
You are resistant to unholy torment.
You are immune to petrification.


Message History

The orc priest hits you but does no damage.
The orc wizard gestures wildly while chanting.
The orc wizard flickers and vanishes!
Deactivating autopickup; reactivate with Ctrl-A.
You climb upwards.
Reactivating autopickup.
There is a stone staircase leading down here.
You slash the orc!
You kill the orc!
Your Fighting skill increases to level 4!
Items here: ))) [[ †.
There is a stone staircase leading down here.
You climb downwards.
You hear the sound of rushing water.
There is an entrance to a sewer on this level.
Hurry and find it before the portal rusts away!
You hear the slow rusting of a very distant drain.
There is a stone staircase leading up here.
The orc priest mumbles some strange prayers to Beogh against you.
Pain shoots through your body! The orc priest barely misses you.
You hear some strange, mumbled words.
A puff of flame appears from out of thin air!
Deactivating autopickup; reactivate with Ctrl-A.
The puff of flame hits you!
* * * LOW HITPOINT WARNING * * *
You block the orc priest's attack.
You barely miss the orc priest.
The orc priest hits you but does no damage.
Something hits you but does no damage.
You hit the orc priest but do no damage.
The orc priest looks encouraged for a moment.
Something hits you.
* * * LOW HITPOINT WARNING * * *
The orc priest calls down the wrath of Beogh upon you.
Pain shoots through your body!
* * * LOW HITPOINT WARNING * * *
You hit the orc priest but do no damage.
Something completely misses you.
The orc priest hits you with a +0 trident.
You die... oo

#... ...#..
..#.. ....
###.########
#..>.......#
#..o......#
#..@..!#.#
#....#†..#
#.....<###
#.###### #.
.. .. ...


You could see an orc priest.

Vanquished Creatures
  Sigmund (D:2)
  An adder (D:2)
  2 dart slugs (D:2)
  3 orcs (D:2)
  3 endoplasms (D:1)
  2 giant cockroaches
  A goblin (D:1)
  4 hobgoblins
  2 quokkas
  9 ball pythons
  4 bats (D:1)
  3 frilled lizards
  5 kobolds
  3 rats (D:1)
43 creatures vanquished.

Notes
Turn   | Place    | Note
-------+----------+-------------------------------------------
     0 | D:1      | timneilson the Gargoyle Fighter began the quest for the
                  | Orb.
     0 | D:1      | Reached XP level 1. HP: 14/14 MP: 1/1
    96 | D:1      | Found Roti's Book Shoppe.
   210 | D:1      | Reached XP level 2. HP: 19/19 MP: 2/2
  1105 | D:2      | Reached XP level 3. HP: 23/23 MP: 3/3
  1261 | D:2      | Noticed Sigmund
  1277 | D:2      | Killed Sigmund
  1278 | D:2      | Reached skill level 1 in Dodging
  1278 | D:2      | Reached XP level 4. HP: 10/29 MP: 4/4
  1278 | D:2      | Reached XP level 5. HP: 12/33 MP: 5/5
  1872 | D:2      | Reached XP level 6. HP: 35/38 MP: 6/6
  1993 | D:3      | HP: 1/38 [orc priest/nerve-wracking pain (1)]
  1994 | D:3      | Slain by an orc priest

Illustrated notes

Levels and vault maps discovered:
D:1:      co_arrival_square_in_a_square_in_a_square, layout_basic, serial_shops,
          nicolae_diamond_shop, minmay_tetromino_i2
D:2:      layout_loops_cross, uniq_sigmund
D:3:      layout_basic, nicolae_yredelemnul_ghost_church,
          dreamdust_ecumenical_altar_grove, cheibrodos_sewer_entry_drain,
          grunt_decor_fettered

Skill      XL: |  1  2  3  4  5  6 |
---------------+-------------------+-----
Long Blades    | 2 3 |  3.0
Armour         | 4 |  4.5
Dodging        | 1 |  1.3
Shields        | 4 |  4.6
Fighting       | 4 |  4.0
Evocations     | |  0.2

Action                   |  1- 3 |  4- 6 || total
-------------------------+-------+-------++-------
Melee: Long sword        |    96 |    67 ||   163
  Use: Scroll            |     4 |     2 ||     6
       Potion            |     1 |       ||     1
Armor: Scale mail        |    67 |       ||    67
       Chain mail        |     4 |    40 ||    44
Dodge: Dodged            |    48 |    26 ||    74
Block: Buckler           |    20 |    20 ||    40

Table legend: (Time is in decaauts)
 A = Elapsed time spent in this place.
 B = Non-inter-level travel time spent in this place.
 C = Inter-level travel time spent in this place.
 D = Time resting spent in this place.
 E = Time spent auto-exploring this place.
 F = Levels seen in this place.
 G = Mean time per level.
                   A        B        C        D        E       F      G
               +--------+--------+--------+--------+--------+-----+--------+
         Total |   2048 |   2046 |      2 |      0 |   1628 |   3 |  682.7 |
       Dungeon |   2048 |   2046 |      2 |      0 |   1628 |   3 |  682.7 |
               +--------+--------+--------+--------+--------+-----+--------+

Top non-repeatable levels by time:
     D:1: 1125 daAuts
     D:2: 901 daAuts
     D:3: 21 daAuts
